 Dungeon Crawl Stone Soup version 0.22-a0-800-g058c00f (webtiles) character file.

189 royokou the Chopper (level 5, -2/45 HPs)
             Began as a Draconian Wanderer on July 21, 2018.
             Slain by a bullfrog (4 damage)
             ... in a sewer.
             The game lasted 00:07:54 (3004 turns).

royokou the Chopper (Draconian Wanderer)            Turns: 3004, Time: 00:07:55

Health: -2/45      AC:  6    Str: 14    XL:     5   Next: 40%
Magic:  0/5        EV:  9    Int: 15    God:
Gold:   131        SH:  8    Dex:  9    Spells: 4/4 levels left

rFire    . . .     SeeInvis .   r - +0 war axe
rCold    . . .     Gourm    .   a - +0 shield
rNeg     . . .     Faith    .   (armour unavailable)
rPois    .         Spirit   +   (helmet restricted)
rElec    .         Reflect  .   (no cloak)
rCorr    .         Harm     .   (no gloves)
MR       .....                  q - +0 pair of boots
Stlth    +.........             g - amulet of guardian spirit
HPRegen  0.15/turn              t - ring of flight
MPRegen  0.09/turn              (no ring)

@: lethally poisoned (-2 -> -11), flying
A: unfitting armour, cold-blooded, AC +5
a: Stop Flying


You were in a sewer.
You were very hungry.

You visited 1 branch of the dungeon, and saw 3 of its levels.
You also visited: Sewer.

You collected 131 gold pieces.

Inventory:

Hand Weapons
 b - a +0 hand axe
 r - a +0 war axe (weapon)
Armour
 a - a +0 shield (worn)
 q - a +0 pair of boots (worn)
Jewellery
 g - an amulet of guardian spirit (around neck)
 t - a ring of flight (left hand)
Scrolls
 e - 4 scrolls of remove curse
 f - 2 scrolls of identify
 i - a scroll of blinking {unknown}
 l - a scroll of random uselessness
 m - 2 scrolls of fog
 o - a scroll of enchant weapon {unknown}
 p - a scroll of magic mapping
 s - a scroll of amnesia {unknown}
 u - a scroll of fear {unknown}
Potions
 c - a potion of curing
 j - a potion of brilliance
 k - a potion of lignification
 n - a potion of invisibility
 v - 2 potions of magic {unknown}
 w - a potion of heal wounds {unknown}
Comestibles
 d - 4 rations
 h - 3 chunks of flesh


   Skills:
 + Level 3.3 Fighting
 * Level 5.3 Axes
   Level 1.7 Bows
 + Level 1.9 Dodging
 - Level 1.0 Stealth
 + Level 2.3 Shields


You had 4 spell levels left.
You didn't know any spells.
Your spell library was empty.

Dungeon Overview and Level Annotations

Branches:
Dungeon (3/15)

Altars:
Trog


Innate Abilities, Weirdness & Mutations

Your plain brown scales are hard. (AC +5)
You cannot fit into any form of body armour.
You are cold-blooded and may be slowed by cold attacks.


Message History

You completely miss the bullfrog. You miss the adder. The adder bites you.
* * * LOW HITPOINT WARNING * * *
You are poisoned.
The adder poisons you! The adder barely misses you.
You block the adder's attack. The bullfrog closely misses you.
The adder completely misses you. The adder bites you.
* * * LOW HITPOINT WARNING * * *
You are lethally poisoned!
The adder poisons you! The adder bites you but does no damage.
You block the bullfrog's attack. The adder bites you but does no damage.
You completely miss the adder. You closely miss the adder.
You closely miss the bullfrog. You hit the adder but do no damage.
You miss the adder.
* * * LOW HITPOINT WARNING * * *
You feel sick. The adder misses you. The adder closely misses you.
The bullfrog closely misses you. The adder bites you.
* * * LOW HITPOINT WARNING * * *
You block the adder's attack. The adder bites you but does no damage.
You block the adder's attack. The bullfrog hits you.
You die...

#####################
...J≈≈≈≈SS@S≈≈≈≈≈≈#.###
..≈≈≈≈≈≈FSFS§≈≈≈≈≈....##
..≈≈≈≈≈≈≈lS≈≈≈≈≈≈≈≈....#
..≈≈≈≈≈≈≈≈≈≈≈≈≈≈≈≈≈....#
..≈≈≈≈≈≈≈≈≈≈≈≈≈≈≈≈≈....##
...≈≈≈≈≈≈≈≈≈≈≈≈≈≈≈#.....#
####################....#
####...## #..#....#


You could see 2 bullfrogs, an ooze, 4 adders, 2 ball pythons and a frilled
lizard.

Vanquished Creatures
  9 adders
  A river rat (D:3)
  7 worms
  2 dart slugs (D:2)
  A leopard gecko (D:2)
  3 goblins
  6 hobgoblins
  3 jackals (D:2)
  2 quokkas
  8 ball pythons
  3 bats
  4 frilled lizards
  4 kobolds
  40 rats
93 creatures vanquished.

Notes
Turn   | Place    | Note
-------+----------+-------------------------------------------
     0 | D:1      | royokou the Draconian Wanderer began the quest for the Orb.
     0 | D:1      | royokou set off with: a +0 shield, a +0 hand axe, a potion of curing, a ration
     0 | D:1      | Reached XP level 1. HP: 17/17 MP: 1/1
     0 | D:1      | Noticed a tentacled monstrosity
     0 | D:1      | Noticed an ice dragon
     1 | D:1      | Noticed an iron dragon
     3 | D:1      | Noticed a large abomination
     5 | D:1      | Noticed a tentacled monstrosity
     6 | D:1      | Noticed a tentacled monstrosity
     7 | D:1      | Noticed a shadow dragon
    10 | D:1      | Noticed an iron dragon
    10 | D:1      | Noticed a black draconian
    12 | D:1      | Noticed a black draconian
    12 | D:1      | Noticed a red draconian
    15 | D:1      | Noticed a yellow draconian
    15 | D:1      | Noticed a tentacled monstrosity
    15 | D:1      | Noticed a large abomination
    17 | D:1      | Noticed a tentacled monstrosity
    20 | D:1      | Noticed an orb of fire
    20 | D:1      | Noticed a white draconian
   180 | D:1      | Reached XP level 2. HP: 18/25 MP: 2/2
   582 | D:2      | Reached XP level 3. HP: 23/30 MP: 3/3
   590 | D:2      | Reached skill level 1 in Dodging
   949 | D:2      | Noticed a moth of wrath
   951 | D:2      | Found a bloodstained altar of Trog.
  1425 | D:2      | Reached XP level 4. HP: 37/37 MP: 4/4
  2110 | D:3      | Reached skill level 5 in Axes
  2155 | D:3      | Found a glowing drain.
  2160 | Sewer    | Entered a sewer
  2379 | Sewer    | Reached XP level 5. HP: 45/45 MP: 5/5
  3004 | Sewer    | HP: 2/45 [adder (2)]
  3004 | Sewer    | Slain by a bullfrog

Vault maps used:
D:1:      shiori_arrival_whats_in_store_for_you, minivault_24,
          amethyst_killhole, corexii_leaking_fountain
D:2:      tgw_trog
D:3:      lightli_sewer_entry_pipes
Sewer:    sewer_minmay_w

Skill      XL: |  1  2  3  4 |
---------------+-------------+-----
Dodging        | 1 |  1.9
Fighting       | 3 |  3.3
Shields        | 2 |  2.3
Axes           | 5 |  5.3
Bows           | |  1.7
Stealth        | |  1.0

Action                   |  1- 3 |  4- 6 || total
-------------------------+-------+-------++-------
Melee: Hand axe          |   107 |       ||   107
       Tailslap          |    11 |    12 ||    23
       War axe           |       |   210 ||   210
 Abil: Evoke Flight      |       |     4 ||     4
  Use: Scroll            |       |     7 ||     7
       Potion            |       |     2 ||     2
 Stab: Sleeping          |     1 |       ||     1
  Eat: Chunk             |     2 |     5 ||     7
Armor: Skin              |    30 |    91 ||   121
Dodge: Dodged            |    58 |    88 ||   146
Block: Shield            |    39 |    81 ||   120

Table legend:
 A = Spawn XP
 B = Non-spawn XP
 C = Spawn XP percentage of total XP
 D = Spawn monster count
 E = Non-spawn monster count
 F = Spawn count percentage of total count
 G = Total turns spent on level
                    A         B        C        D         E        F      G
               +---------+---------+-------+---------+---------+-------+---------
         Total |       0 |     271 |   0.0 |       0 |      93 |   0.0 |  3004
               +---------+---------+-------+---------+---------+-------+---------
           D:1 |       0 |      19 |   0.0 |       0 |      13 |   0.0 |   456
           D:2 |       0 |      97 |   0.0 |       0 |      29 |   0.0 |  1418
           D:3 |       0 |      67 |   0.0 |       0 |      13 |   0.0 |   286
         Sewer |       0 |      88 |   0.0 |       0 |      38 |   0.0 |   844
               +---------+---------+-------+---------+---------+-------+---------
